 Dungeon Crawl Stone Soup version 0.31.0-1-g2c135a0 (webtiles) character file.

Game seed: 8353176445430564708

2 Daniel the Magician (level 1, 0/13 HPs)
             Began as a Demonspawn Hedge Wizard on Jan 22, 2024.
             Constricted to death by a ball python (1 damage)
             ... on level 1 of the Dungeon.
             The game lasted 00:04:33 (316 turns).

Daniel the Magician (Demonspawn Hedge Wizard)        Turns: 316, Time: 00:04:34

Health: 0/13       AC:  2    Str: 10    XL:     1   Next: 25%
Magic:  4/4        EV:  9    Int: 14    God:
Gold:   0          SH:  0    Dex: 12    Spells: 5/6 levels left

rFire   . . .        a - +0 dagger
rCold   . . .        (no shield)
rNeg    . . .        b - +0 robe
rPois   .            c - +0 hat
rElec   .            (no cloak)
rCorr   .            (no gloves)
SInv    .            (no boots)
Will    .....        (no amulet)
Stlth   ++           (no ring)
HPRegen 0.22/turn    (no ring)
MPRegen 0.09/turn

%: no passive effects
@: constricted
A: no striking features
a: no special abilities


You were on level 1 of the Dungeon.
You visited 1 branch of the dungeon, and saw 1 of its levels.

Inventory:

Hand Weapons
 a - a +0 dagger (weapon)
Armour
 b - a +0 robe (worn)
 c - a +0 hat (worn)
Potions
 d - a potion of magic


   Skills:
 + Level 2.0 Dodging
 + Level 1.7 Stealth
 + Level 3.0 Spellcasting
 + Level 1.0 Conjurations
 + Level 1.0 Summonings
 + Level 0.8 Translocations


You had 5 spell levels left.
You knew the following spells:

 Your Spells              Type           Power      Damage    Failure   Level
a - Magic Dart            Conj           16%        1d3       14%         1

Your spell library contained the following spells:

 Spells                   Type           Power      Damage    Failure   Level
 Slow                     Hex            8%         N/A       22%         1
 Blink                    Tloc           8%         N/A       22%         2
 Call Imp                 Summ           8%         N/A       22%         2
 Cigotuvi's Dreadful Rot  Necr/Alch/Air  4%         N/A       32%         2
 Mephitic Cloud           Conj/Alch/Air  3%         N/A       50%         3


Dungeon Overview and Level Annotations

Branches:
Dungeon (1/15)

Altars:


Message History

The ball python constricts you.
You see here a +0 robe.
You escape the ball python's grasp.
You see here a +0 spear.
The ball python bites you. The ball python barely misses you.
The ball python bites you but does no damage.
The ball python barely misses you.
You barely miss the kobold. The kobold closely misses you.
The ball python bites you but does no damage.
The ball python barely misses you.
You completely miss the kobold. The kobold closely misses you.
The ball python bites you but does no damage.
The ball python closely misses you.
You hit the kobold.
The kobold is moderately wounded.
The kobold hits you with a +0 short sword.
The ball python barely misses you. The ball python grabs you.
The ball python constricts you.
You barely miss the kobold.
The kobold is moderately wounded.
The ball python barely misses you. The ball python constricts you.
The kobold barely misses you.
You hit the kobold but do no damage.
The kobold is moderately wounded.
The ball python closely misses you. The ball python constricts you.
The kobold hits you with a +0 short sword.
The ball python bites you. The ball python constricts you.
You barely miss the kobold.
The kobold is moderately wounded.
The kobold hits you with a +0 short sword.
* * * LOW HITPOINT WARNING * * *
The ball python bites you.
* * * LOW HITPOINT WARNING * * *
The ball python constricts you.
* * * LOW HITPOINT WARNING * * *
You barely miss the kobold.
The kobold is moderately wounded.
The kobold hits you but does no damage. The ball python closely misses you.
The ball python constricts you.
You die...

...## #.## #.#..# <...#
#..# #.#..# (..##
##.######...## '###
#.#......#.# ((.###
#........#.#
.(..(###........#.#
8(....'..#......#.#
.....#####.......)#
.((### #.....#@S# #.#
#### .#.....#K.# #.#
#...... #.......#.##
#.# #......
$......###.## #.#
#...... ####.#......##
#.# #......
#..##..#.K###.# ......
##.....)...##.# .....
###..###....>######....
#.. #.##.......>.#


You could see a ball python and a kobold.

Vanquished Creatures
  An endoplasm (D:1)
  A ball python (D:1)
2 creatures vanquished.

Notes
Turn   | Place    | Note
-------+----------+-------------------------------------------
     0 | D:1      | Daniel the Demonspawn Hedge Wizard began the quest for the
                  | Orb.
     0 | D:1      | Reached XP level 1. HP: 13/13 MP: 4/4
   316 | D:1      | Constricted to death by a ball python

Illustrated notes

Levels and vault maps discovered:
D:1:      minmay_arrival_shattered_statue, layout_rooms

Skill      XL: |  1 |
---------------+----+-----
Dodging        | 2 |  2.0
Stealth        | |  1.7
Spellcasting   | |  3.0
Conjurations   | |  1.0
Summonings     | |  1.0
Translocations | |  0.8

Action                     || total
---------------------------++-------
  Melee: Dagger            ||    13
 Armour: Robe              ||    56
  Dodge: Dodged            ||    87
